 Dungeon Crawl Stone Soup version 0.16-a0-3159-g1b9e691 (webtiles) character file.

74 Johnny the Bolt Thrower (level 4, -4/33 HPs)
             Began as a Human Hunter on Dec 15, 2014.
             Slain by an orc
             ... wielding a +0 club
              (6 damage)
             ... on level 3 of the Dungeon.
             The game lasted 00:01:59 (2299 turns).

Johnny the Bolt Thrower (Human Hunter)              Turns: 2299, Time: 00:01:59

Health: -4/33      AC:  7    Str: 13    XL:     4   Next: 54%
Magic:  4/4        EV: 13    Int: 11    God:
Gold:   67         SH:  0    Dex: 14    Spells: 0 memorised, 3 levels left

rFire  . . .     SeeInvis .     a - +0 short sword
rCold  . . .     Clarity  .     d - +0 leather armour
rNeg   + . .     SustAb   .     (no shield)
rPois  .         Gourm    .     (no helmet)
rElec  .         Spirit   .     v - +2 cloak
rCorr  .         Warding  .     w - +0 pair of gloves
rMut   .         Stasis   .     (no boots)
MR     .....                    (no amulet)
Stlth  +.........               (no ring)
                                l - ring of positive energy

@: not resistant to hostile enchantments, very unstealthy
A: no striking features
a: no special abilities


You were on level 3 of the Dungeon.
You were hungry.

You visited 1 branch of the dungeon, and saw 3 of its levels.

You collected 67 gold pieces.

Inventory:

Hand weapons
 a - a +0 short sword (weapon)
 b - a +1 hand crossbow
Missiles
 c - 21 bolts
Armour
 d - a +0 leather armour (worn)
 v - a +2 cloak (worn)
 w - a +0 pair of gloves (worn)
Jewellery
 l - a ring of positive energy (left hand)
 z - an uncursed ring of protection from fire {unknown}
Magical devices
 t - a wand of frost (28)
Scrolls
 e - 2 scrolls of immolation {unknown}
 j - a scroll of fear {unknown}
 k - a scroll of enchant weapon {unknown}
 m - 3 scrolls of identify {unknown}
 o - 2 scrolls of remove curse {unknown}
 r - a scroll of blinking {unknown}
 u - a scroll of recharging {unknown}
 y - a scroll of random uselessness {unknown}
Potions
 g - a potion of haste {unknown}
 n - a potion of cancellation
 p - a potion of ambrosia {unknown}
 q - a potion of agility {unknown}
 s - a potion of flight {unknown}
 x - a potion of heal wounds {unknown}
 A - a potion of brilliance {unknown}
 B - a potion of curing {unknown}
Comestibles
 f - 3 bread rations
 h - 2 meat rations
 i - a slice of pizza


   Skills:
 - Level 2.0 Fighting
 * Level 5.1 Crossbows
 + Level 3.1 Dodging
 - Level 1.0 Stealth


You had 3 spell levels left.
You didn't know any spells.

Dungeon Overview and Level Annotations

Branches:
Dungeon (3/15)

Altars:


Message History

The orc closely misses you. The orc barely misses you.
The orc priest hits you but does no damage.
You barely miss the orc priest.
The orc priest is moderately wounded.
The orc barely misses you. x2
The orc priest misses you.
You hit the orc priest.
The orc priest is severely wounded.
The orc hits you with a dagger. The orc barely misses you.
The orc priest mumbles some strange prayers to Beogh against you.
Something smites you!
* * * LOW HITPOINT WARNING * * *
The orc hits you with a dagger.
* * * LOW HITPOINT WARNING * * *
Wield which item (- for none, * to show all)? (? for menu, Esc to quit)
Okay, then.
Drink which item? (? for menu, Esc to quit)
It was a potion of cancellation.
You feel magically purged. The orc hits you with a club.
You die...

..# ###.# ##.###.#... ..#
####.######.###.#### ..#
#.............#.#
..############.##.######.#.#.#
...............#....†......#.####
.###############..####.###.......
.# #..##..## ##..#### .#
#.###o.##..# #.## .#
#...o@.....## ##.# .#
#.###o###.#.###.## .# #.#
#.##...## .# #.# #.###.## .#
#.###....(# .# #[........# (.
########### #.


You could see an orc priest and 2 orcs.

Vanquished Creatures
  An adder (D:2)
  3 worms
  5 orcs (D:3)
  7 bats
  4 giant cockroaches
  7 goblins
  A hobgoblin (D:1)
  4 jackals (D:3)
  2 ball pythons (D:2)
  2 giant newts
  5 kobolds
  6 rats
47 creatures vanquished.

Notes
Turn   | Place    | Note
--------------------------------------------------------------
     0 | D:1      | Johnny, the Human Hunter, began the quest for the Orb.
     0 | D:1      | Reached XP level 1. HP: 16/16 MP: 1/1
   375 | D:1      | Reached XP level 2. HP: 22/22 MP: 2/2
  1008 | D:2      | Reached XP level 3. HP: 27/27 MP: 3/3
  1947 | D:3      | Reached XP level 4. HP: 30/33 MP: 4/4
  2126 | D:3      | Reached skill level 5 in Crossbows
  2299 | D:3      | Slain by an orc

Action                   |  1- 3 |  4- 6 || total
-------------------------+-------+-------++-------
Melee: Short sword       |    26 |    92 ||   118
 Fire: Hand crossbow     |    79 |       ||    79
  Use: Potion            |       |     1 ||     1
 Stab: Sleeping          |       |     1 ||     1
  Eat: Chunk             |     1 |     1 ||     2
       Beef jerky        |     1 |       ||     1
